AoeStats
← [TopGun]johnnynagel

Pilgrims

508509243Analyzed
3v3 RM · 9d ago on Sep 22, 2026· 60m 29s· 6 players
Game mode
Random Map
Map size
Normal (6 player)
Population
200
Speed
Normal
Resources
Standard
Victory
Conquest
Starting age
Dark Age
Ending age
Imperial Age
RankedLock teamsTeams togetherTeam positionsShared explorationLock speedFull tech treeHidden civsTurbo modeCheats
Victory
Defeat
🇩🇪 Khmer · Germany
1205
+16
🇩🇪 Persians · Germany
1176
+17
🇩🇪 Vikings · Germany
1160
+18
🇬🇧 Varangians · United Kingdom
1250
-18
🇬🇧 Saxons · United Kingdom
1198
-17
🇬🇧 Bulgarians · United Kingdom
1179
-16
[TopGun]Sundown
3:12 Loom
12:13 Feudal Age
16:19 Castle Age
14:30 Double-Bit Axe
14:34 Horse Collar
17:24 Bow Saw
19:42 Scale Barding Armor
19:48 Forging
23:24 Bloodlines
26:01 Chain Barding Armor
27:27 Iron Casting
27:52 Wheelbarrow
27:30 Gold Mining
29:10 Hand Cart
28:41 Town Watch
30:26 Husbandry
30:28 Light Cavalry
34:14 Imperial Age
32:50 Scale Mail Armor
33:49 Stone Mining
34:35 Gold Shaft Mining
35:55 Plate Barding Armor
34:42 Cavalier
37:36 Caravan
38:07 Coinage
42:04 Chemistry
41:27 Ballistics
42:43 Blast Furnace
41:34 Fletching
41:44 Padded Archer Armor
41:33 Sappers
41:54 Hussar
44:04 Elite Skirmisher
44:41 Bodkin Arrow
45:01 Leather Archer Armor
45:42 Heavy Plow
47:29 Ring Archer Armor
47:00 Bracer
47:22 Conscription
50:23 Tusk Swords
49:49 Elite Battle Elephant
57:29 Chain Mail Armor
[TopGun]Maverick
8:44 Loom
10:35 Feudal Age
16:23 Castle Age
27:16 Fletching
40:09 Town Watch
47:39 Double-Bit Axe
47:49 Horse Collar
48:53 Wheelbarrow
49:43 Caravan
50:34 Heavy Plow
50:53 Bow Saw
51:35 Coinage
51:38 Stone Mining
51:41 Gold Mining
54:07 Hand Cart
57:43 Imperial Age
56:05 Scale Mail Armor
56:43 Forging
56:49 Forging
56:02 Man-at-Arms
56:28 Gambesons
56:44 Squires
56:06 Pikeman
56:32 Arson
56:45 Long Swordsman
57:47 Chain Mail Armor
57:29 Bodkin Arrow
57:49 Halberdier
59:38 Plate Mail Armor
60:32 Iron Casting
59:39 Capped Ram
[TopGun]johnnynagel
6:56 Loom
16:27 Feudal Age
21:09 Castle Age
19:11 Fletching
19:57 Town Watch
25:28 Double-Bit Axe
27:04 Bodkin Arrow
29:08 Ballistics
30:23 Clinker Construction
30:27 Careening
38:26 Crossbowman
42:02 Padded Archer Armor
47:58 Imperial Age
45:30 Town Patrol
48:26 Caravan
48:14 Arbalester
48:56 Bracer
49:12 Leather Archer Armor
50:01 Chemistry
49:07 Siege Engineers
54:14 Ring Archer Armor
53:34 Capped Ram
57:26 Siege Ram
Wololo
3:34 Loom
12:51 Feudal Age
19:03 Castle Age
33:57 Pikeman
43:57 Scale Mail Armor
44:08 Forging
44:03 Horse Collar
44:20 Arson
44:37 Squires
44:32 Double-Bit Axe
46:24 Chain Mail Armor
47:02 Iron Casting
51:37 Man-at-Arms
monasticmick
7:47 Loom
12:23 Feudal Age
15:32 Town Watch
16:09 Horse Collar
18:48 Forging
20:49 Wheelbarrow
25:40 Castle Age
25:30 Scale Mail Armor
25:46 Pikeman
27:51 Fletching
34:01 Bodkin Arrow
51:30 Scale Barding Armor
DreamWolf
7:54 Loom
11:04 Feudal Age
14:29 Forging
17:37 Castle Age
15:59 Double-Bit Axe
20:03 Fletching
26:20 Imperial Age
24:39 Bow Saw
24:44 Bodkin Arrow
37:26 Iron Casting
36:53 Horse Collar
38:59 Bracer
43:18 Wheelbarrow
42:29 Town Watch
42:32 Pikeman
46:09 Murder Holes
48:08 Vendel Legacy
48:52 Cavalier
49:47 Bloodlines
52:22 Scale Barding Armor
53:51 Chain Barding Armor
58:10 Plate Barding Armor
59:39 Hand Cart
Connection lost

Rejoining the realm…

Still unreachable

The connection could not be restored.

Session expired

The server has moved on; the page needs a fresh start.